Map: Neon Violet Square LE

Players

Infamous

  • Race: Protoss Protoss
  • Spawn Location: 11:00

darthbagel - Winner!

  • Race: Protoss Protoss
  • League: Silver
  • Spawn Location: 5:00

VOD

Have the link to the VOD?

Description

Time

  • Played on: Jan. 24, 2018, 11:31 a.m.
  • Length: 14:01
Show
View Real Time Build Order
Export as new Build Order

Infamous Protoss 

Build Orders:  

Get SALT Encoding   

  12  0:01  Probe  
  13  0:13  Probe  
  14  0:26  Pylon  
  14  0:28  Probe (Chrono Boost)  
  15  0:43  Probe (Chrono Boost)  
  15  0:44  Assimilator  
  15  0:46  Pylon  
  16  0:52  Probe  
  17  1:04  Probe  
  18  1:13  Gateway  
  18  1:16  Probe (Chrono Boost), Assimilator  
  19  1:28  Probe (Chrono Boost)  
  20  1:33  Probe (Chrono Boost)  
  20  1:43  Probe  
  21  1:52  Forge  
  21  1:55  Probe  
  22  2:05  Zealot  
  24  2:12  Cybernetics Core  
  24  2:15  Pylon  
  24  2:30  Protoss Ground Armor Level 1  
  24  2:34  Zealot  
  26  2:38  Warp Gate (Chrono Boost)  
  26  2:56  Probe (Chrono Boost)  
  27  3:01  Zealot  
  27  3:02  Gateway  
  27  3:03  Gateway  
  29  3:08  Probe (Chrono Boost)  
  30  3:16  Probe (Chrono Boost)  
  31  3:23  Probe  
  32  3:42  Nexus  
  32  3:45  Probe  
  33  3:53  Pylon  
  33  3:57  Probe  
  34  4:03  Stalker  
  34  4:09  Probe  
  37  4:31  Protoss Air Armor Level 1  
  37  4:34  Protoss Ground Weapons Level 1  
  37  4:50  Probe  
  38  4:58  Probe  
  39  5:10  Probe  
  39  5:12  Pylon  
  40  5:24  Probe (Chrono Boost)  
  41  5:34  Probe (Chrono Boost)  
  42  5:39  Probe (Chrono Boost)  
  43  5:46  Twilight Council  
  43  5:57  Pylon  
  43  6:00  Gateway  
  43  6:03  Gateway  
  43  6:14  Nexus  
  43  6:20  Probe (Chrono Boost)  
  45  6:26  Probe (Chrono Boost), Protoss Air Weapons Level 1  
  45  6:28  Blink  
  45  6:38  Stalker x3  
  45  7:22  Pylon x2  
  45  7:24  Assimilator  
  45  7:27  Probe  
  45  7:28  Assimilator  
  46  7:31  Stargate  
  46  7:32  Probe  
  46  7:34  Stargate  
  47  7:39  Probe  
  48  7:44  Probe  
  48  7:50  Stalker x2  
  48  7:51  Stalker  
  55  7:54  Probe (Chrono Boost)  
  55  7:57  Probe (Chrono Boost)  
  58  7:59  Probe (Chrono Boost)  
  58  8:08  Probe (Chrono Boost)  
  58  8:09  Probe (Chrono Boost)  
  60  8:14  Probe (Chrono Boost)  
  60  8:15  Probe (Chrono Boost)  
  60  8:16  Probe (Chrono Boost)  
  63  8:20  Void Ray  
  63  8:21  Void Ray  
  63  8:23  Probe  
  73  8:34  Probe (Chrono Boost)  
  73  8:40  Probe (Chrono Boost)  
  74  8:45  Probe (Chrono Boost)  
  74  8:46  Probe (Chrono Boost)  
  77  8:48  Probe (Chrono Boost)  
  77  8:51  Probe x2 (Chrono Boost)  
  77  8:53  Probe (Chrono Boost)  
  80  8:56  Stargate  
  80  8:57  Stargate  
  80  9:00  Stargate  
  80  9:03  Void Ray  
  80  9:04  Probe  
  85  9:19  Probe  
  85  9:21  Assimilator  
  86  9:25  Assimilator  
  86  9:31  Probe  
  87  9:39  Probe, Fleet Beacon  
  88  9:54  Probe (Chrono Boost)  
  88  9:57  Void Ray x2  
  97  10:07  Resonating Glaives  
  97  10:14  Probe  
  98  10:23  Pylon  
  98  10:25  Pylon  
  98  10:26  Probe  
  99  10:29  Pylon  
  99  10:39  Probe (Chrono Boost)  
  99  10:40  Void Ray x2  
  109  10:43  Probe (Chrono Boost)  
  109  10:52  Probe (Chrono Boost)  
  109  10:53  Void Ray  
  114  11:00  Stalker  
  114  11:01  Stalker x2  
  114  11:02  Mothership  
  128  11:23  Void Ray  
  132  11:26  Nexus  
  132  11:29  Pylon  
  132  11:31  Pylon  
  132  11:46  Void Ray  
  128  12:23  Tempest (Chrono Boost)  
  146  12:33  Tempest x2 (Chrono Boost)  
  146  12:37  Void Ray (Chrono Boost)  
  146  12:40  Probe  
  146  12:42  Probe  
  152  12:54  Probe (Chrono Boost)  
  153  13:02  Assimilator  
  153  13:05  Probe (Chrono Boost)  
  154  13:08  Assimilator, Tempest  
  154  13:10  Probe (Chrono Boost)  
  161  13:21  Probe  
  159  13:35  Pylon  
  159  13:37  Pylon  
  159  13:39  Probe (Chrono Boost)  
Show
View Real Time Build Order
Export as new Build Order

darthbagel Protoss - Winner!

Build Orders:  

Get SALT Encoding   

  12  0:12  Pylon  
  12  0:14  Probe  
  13  0:30  Forge  
  13  0:39  Pylon  
  13  0:41  Probe  
  14  0:53  Probe  
  15  1:05  Probe, Photon Cannon  
  16  1:18  Photon Cannon  
  16  1:24  Probe (Chrono Boost)  
  17  1:36  Probe (Chrono Boost)  
  18  1:42  Probe (Chrono Boost)  
  19  1:50  Probe  
  20  2:01  Nexus  
  20  2:02  Probe (Chrono Boost)  
  21  2:14  Probe (Chrono Boost)  
  22  2:20  Probe (Chrono Boost)  
  23  2:29  Probe  
  24  2:41  Probe (Chrono Boost)  
  25  2:44  Nexus  
  25  2:53  Probe (Chrono Boost)  
  26  3:01  Probe (Chrono Boost)  
  27  3:07  Probe  
  28  3:13  Probe  
  30  3:20  Probe (Chrono Boost)  
  30  3:22  Nexus  
  30  3:26  Probe (Chrono Boost)  
  32  3:34  Pylon  
  32  3:37  Probe x2 (Chrono Boost)  
  32  3:38  Pylon  
  33  3:42  Probe (Chrono Boost), Pylon  
  33  3:43  Assimilator  
  34  3:50  Probe, Assimilator  
  35  4:00  Pylon  
  35  4:02  Probe  
  36  4:05  Pylon  
  36  4:14  Probe  
  37  4:17  Pylon  
  37  4:19  Pylon  
  37  4:22  Pylon  
  37  4:28  Probe (Chrono Boost)  
  38  4:31  Probe (Chrono Boost)  
  38  4:33  Assimilator  
  38  4:37  Pylon  
  40  4:40  Pylon  
  40  4:42  Probe (Chrono Boost)  
  40  4:43  Probe (Chrono Boost)  
  40  4:45  Pylon  
  41  4:47  Assimilator  
  41  4:48  Probe (Chrono Boost)  
  41  4:50  Probe (Chrono Boost)  
  41  4:52  Pylon  
  44  4:55  Probe (Chrono Boost)  
  46  5:01  Probe (Chrono Boost)  
  46  5:02  Probe (Chrono Boost)  
  46  5:04  Assimilator  
  46  5:08  Assimilator  
  46  5:10  Probe x2 (Chrono Boost)  
  46  5:11  Pylon  
  46  5:14  Pylon  
  48  5:16  Probe (Chrono Boost)  
  48  5:17  Probe (Chrono Boost)  
  48  5:20  Probe (Chrono Boost)  
  51  5:24  Assimilator  
  51  5:27  Probe (Chrono Boost)  
  51  5:28  Assimilator  
  53  5:29  Probe (Chrono Boost)  
  53  5:30  Pylon  
  53  5:32  Probe x2 (Chrono Boost)  
  53  5:34  Pylon  
  55  5:36  Probe  
  55  5:42  Probe  
  57  5:56  Probe (Chrono Boost)  
  59  5:59  Probe (Chrono Boost)  
  59  6:04  Photon Cannon  
  59  6:05  Photon Cannon  
  59  6:06  Probe (Chrono Boost)  
  59  6:07  Photon Cannon  
  59  6:09  Probe (Chrono Boost), Photon Cannon  
  61  6:12  Pylon  
  61  6:16  Photon Cannon  
  61  6:18  Probe, Photon Cannon  
  61  6:23  Photon Cannon  
  62  6:27  Photon Cannon  
  62  6:31  Probe (Chrono Boost)  
  63  6:42  Probe (Chrono Boost)  
  63  6:47  Probe (Chrono Boost), Pylon  
  65  6:56  Gateway  
  65  6:57  Gateway  
  65  6:58  Probe  
  65  7:00  Photon Cannon  
  66  7:02  Photon Cannon  
  66  7:05  Photon Cannon  
  66  7:10  Probe  
  66  7:11  Photon Cannon  
  66  7:12  Gateway  
  67  7:21  Nexus  
  67  7:24  Photon Cannon  
  67  7:26  Photon Cannon  
  67  7:34  Photon Cannon  
  67  7:37  Photon Cannon  
  67  7:41  Photon Cannon  
  67  7:50  Cybernetics Core  
  67  7:54  Cybernetics Core  
  67  7:55  Protoss Shields Level 1  
  67  8:01  Probe (Chrono Boost)  
  68  8:10  Assimilator  
  68  8:12  Probe (Chrono Boost)  
  69  8:14  Assimilator  
  69  8:17  Probe (Chrono Boost)  
  70  8:26  Photon Cannon  
  70  8:28  Probe  
  70  8:30  Photon Cannon  
  71  8:35  Stargate  
  71  8:37  Stargate  
  71  8:40  Probe  
  72  8:42  Stargate  
  72  8:46  Stargate  
  72  8:50  Stargate  
  72  8:52  Stargate  
  72  8:58  Stargate  
  72  9:01  Photon Cannon  
  72  9:14  Protoss Air Weapons Level 1 (Chrono Boost), Twilight Council  
  72  9:15  Protoss Air Armor Level 1 (Chrono Boost)  
  72  9:24  Fleet Beacon  
  72  9:37  Void Ray  
  72  9:38  Void Ray x2  
  80  9:39  Void Ray x2  
  80  9:40  Void Ray  
  80  9:42  Void Ray  
  100  9:50  Probe (Chrono Boost)  
  101  9:58  Protoss Shields Level 2  
  102  10:00  Probe (Chrono Boost)  
  102  10:05  Probe (Chrono Boost)  
  103  10:17  Probe (Chrono Boost)  
  104  10:24  Probe (Chrono Boost)  
  105  10:31  Void Ray x2  
  105  10:32  Void Ray x5  
  105  10:34  Probe (Chrono Boost)  
  105  10:35  Probe (Chrono Boost)  
  135  10:40  Probe (Chrono Boost)  
  136  10:51  Probe  
  135  10:58  Protoss Air Armor Level 2 (Chrono Boost)  
  135  11:03  Probe  
  135  11:06  Protoss Air Weapons Level 2 (Chrono Boost)  
  131  11:26  Void Ray x2  
  131  11:27  Void Ray x4  
  131  11:28  Void Ray  
  151  12:56  Void Ray x3  
  151  12:57  Void Ray x4  
Tags
 
League
Silver
Matchup
PvP
Replay Pack
Last Remnant (2)
Spawn Locations
Cross Positions
Add a new tag
Caveats
  • Supply blocks, unpowered buildings, or Contaminate may cause inaccurate times.
  • Supply counts are checked every 10 seconds.